AoeStats
← HenryEnrique

Oasis

509813720Analyzed
4v4 RM · 3d ago on Sep 28, 2026· 27m 40s· 8 players
Game mode
Random Map
Map size
Large (8 player)
Population
200
Speed
Normal
Resources
Standard
Victory
Conquest
Starting age
Dark Age
Ending age
Imperial Age
RankedLock teamsTeams togetherTeam positionsShared explorationLock speedFull tech treeHidden civsTurbo modeCheats
Victory
Defeat
🇲🇽 Britons · Mexico
867
+9
🇲🇽 Sicilians · Mexico
862
+9
🇲🇽 Poles · Mexico
844
+9
🇲🇽 Huns · Mexico
742
+13
🇯🇵 Magyars · Japan
726
-11
🇨🇦 Huns · Canada
715
-11
🇨🇴 Teutons · Colombia
702
-10
🇨🇦 Britons · Canada
626
-8
owen and marlon
15:11 Feudal Age
deathly
10:40 Feudal Age
16:43 Castle Age
15:59 Horse Collar
16:06 Double-Bit Axe
19:40 Wheelbarrow
21:40 Bow Saw
23:12 Heavy Plow
24:10 Hand Cart
26:54 Gold Mining
26:54 Stone Mining
RuinMireia
8:24 Loom
10:10 Feudal Age
11:06 Double-Bit Axe
17:50 Horse Collar
23:47 Castle Age
22:35 Scale Barding Armor
23:47 Wheelbarrow
23:16 Fletching
24:45 Bow Saw
24:44 Bodkin Arrow
25:34 Chain Barding Armor
25:39 Heavy Plow
27:00 Husbandry
27:15 Bloodlines
Jaguar_gaming
2:13 Loom
11:05 Feudal Age
12:32 Wheelbarrow
12:07 Horse Collar
12:13 Double-Bit Axe
16:09 Forging
16:00 Scale Mail Armor
19:18 Man-at-Arms
19:43 Arson
25:55 Castle Age
Gazpacho
6:45 Loom
10:46 Feudal Age
11:56 Man-at-Arms
13:47 Double-Bit Axe
15:35 Wheelbarrow
16:42 Horse Collar
22:44 Castle Age
21:56 Fletching
22:51 Scale Mail Armor
22:54 Crossbowman
22:56 Long Swordsman
24:31 Bow Saw
24:22 Heavy Plow
24:42 Bodkin Arrow
26:00 Hand Cart
25:33 Town Watch
HenryEnrique
8:34 Loom
12:49 Feudal Age
13:20 Double-Bit Axe
13:16 Horse Collar
22:27 Scale Barding Armor
25:01 Castle Age
27:03 Gold Mining
27:08 Stone Mining
27:36 Marauders
Creizyllama
4:17 Loom
9:26 Feudal Age
10:00 Double-Bit Axe
10:56 Horse Collar
12:44 Wheelbarrow
22:02 Forging
21:53 Scale Mail Armor
26:01 Castle Age
25:11 Scale Barding Armor
25:19 Bloodlines
25:20 Arson
25:57 Stone Mining
26:20 Gold Mining
27:42 Heavy Plow
mariusly1
11:12 Feudal Age
9:30 Loom
13:33 Horse Collar
13:43 Double-Bit Axe
20:23 Castle Age
22:42 Stone Mining
26:55 Scale Mail Armor
27:05 Forging
Connection lost

Rejoining the realm…

Still unreachable

The connection could not be restored.

Session expired

The server has moved on; the page needs a fresh start.